 Dungeon Crawl Stone Soup version 0.28.0-43-g3370ac3207 (webtiles) character file.

Game seed: 13533758705547429834

13 Descartes the Skirmisher (level 2, 0/16 HPs)
             Began as a Felid Wanderer on Mar 22, 2022.
             Succumbed to an adder's poison
             ... on level 2 of the Dungeon.
             The game lasted 00:01:12 (1388 turns).

Descartes the Skirmisher (Felid Wanderer)           Turns: 1388, Time: 00:01:13

Health: 0/16       AC:  1    Str:  8    XL:     2   Next: 24%
Magic:  3/3        EV: 17    Int: 14    God:
Gold:   88         SH:  0    Dex: 14    Spells: 1/1 levels left
                                        Lives:  0   Deaths: 0

rFire   . . .      SeeInvis +     - Unarmed
rCold   . . .      Faith    .   (shield unavailable)
rNeg    . . .      Spirit   .   (armour unavailable)
rPois   .          Reflect  .   (helmet unavailable)
rElec   .          Harm     .   (cloak unavailable)
rCorr   .          Rampage  .   (gloves unavailable)
Will    .....                   (boots unavailable)
Stlth   ++........              (no amulet)
HPRegen 0.05/turn               (no ring)
MPRegen 0.08/turn               (no ring)

@: lethally poisoned (0 -> -5), quick
A: very small, claws 1, fangs 3, see invisible, speed 1, shaggy fur 1, stealthy
paws, no weapons or thrown items, no armour, multi-lived
a: no special abilities


You were on level 2 of the Dungeon.
You visited 1 branch of the dungeon, and saw 2 of its levels.

You collected 88 gold pieces.

Inventory:

Jewellery
 d - a ring of protection from fire
Scrolls
 a - 3 scrolls of fog
 b - a scroll of teleportation
 e - a scroll of identify {unknown}
Potions
 c - 2 potions of mutation {unknown}
 f - a potion of heal wounds {unknown}


   Skills:
 - Level 5.0 Fighting
 * Level 3.0 Dodging
 * Level 1.3 Stealth
 * Level 2.3 Unarmed Combat
 + Level 1.3 Evocations


You had one spell level left.
You didn't know any spells.
Your spell library was empty.

Dungeon Overview and Level Annotations

Branches:
Dungeon (2/15)

Altars:
Wu Jian


Innate Abilities, Weirdness & Mutations

You have sharp claws.
You have razor-sharp teeth.
You have supernaturally acute eyesight. (SInv)
You cover ground quickly. (Speed+)
You are covered in fur. (AC +1)
Your paws help you pounce on unaware monsters.
You are incapable of wielding weapons or throwing items.
You cannot wear armour.
You gain extra lives every three experience levels.


Message History

You claw the bat!
You kill the bat!
HP restored.
You see here a bat corpse.
You now have 57 gold pieces (gained 7).
You now have 70 gold pieces (gained 13).
You see here a rat corpse.
You now have 78 gold pieces (gained 8).
Things that are here:
a +0 dagger; a goblin corpse You now have 88 gold pieces (gained 10).
Found 4 poisoned darts.
A bat comes into view.
An adder comes into view.
You pounce on the unaware helpless bat!
You scratch the bat.
You kill the bat!
Found two frilled lizard skeletons.
The adder hisses angrily.
You see here a bat corpse.
You scratch the adder but do no damage. Your bite misses the adder.
The adder misses you.
You miss the adder. The adder bites you but does no damage.
The adder bites you.
You miss the adder. The adder bites you.
You closely miss the adder. The adder bites you.
You are lethally poisoned!
The adder poisons you!
You are too injured to fight recklessly!
You are too injured to fight recklessly!
You are too injured to fight recklessly!
You are too injured to fight recklessly!
You are too injured to fight recklessly!
You are too injured to fight recklessly!
You are too injured to fight recklessly!
You scratch the adder but do no damage.
You feel sick. The adder completely misses you.
You closely miss the adder.
You feel sick. The adder bites you.
* * * LOW HITPOINT WARNING * * *
You barely miss the adder.
You die...

......# ##.
.....##... .....#..#
.......# # ...
######.##......
#....##.........#....
#....##............#
#...##....†.@S.#
#...##...##...##
#<.....####.###
#...#........#
#......#####.#
#####...##.# ÷P
......†.##.# ..#
...........# ..÷
........#..#


You could see an adder.

Vanquished Creatures
  An endoplasm (D:1)
  A giant cockroach (D:1)
  4 goblins
  3 bats
  3 rats
12 creatures vanquished.

Notes
Turn   | Place    | Note
-------+----------+-------------------------------------------
     0 | D:1      | Descartes the Felid Wanderer began the quest for the Orb.
     0 | D:1      | Descartes set off with the following items: a scroll of
                  | fog, a scroll of teleportation
     0 | D:1      | Reached XP level 1. HP: 12/12 MP: 2/2
   241 | D:1      | Found a faded altar of an unknown god.
   294 | D:1      | Prayed at the altar of an unknown god.
   294 | D:1      | Became a worshipper of the Wu Jian Council
   294 | D:1      | Reached * piety under Wu Jian
   839 | D:1      | Reached skill level 1 in Stealth
  1149 | D:2      | Fell from the grace of Wu Jian
  1163 | D:2      | Reached XP level 2. HP: 16/16 MP: 3/3
  1388 | D:2      | Succumbed to an adder's poison

Illustrated notes

Levels and vault maps discovered:
D:1:      giann_wishing_wells, layout_basic, ebering_ecumenical_altar_rust,
          hangedman_decor_points
D:2:      layout_rooms, lexackson_kobold_supper

Skill      XL: |  1  2 |
---------------+-------+-----
Stealth        | 1 |  1.3
Dodging        | 3 |  3.0
Fighting       | |  5.0
Unarmed Combat | |  2.3
Evocations     | |  1.3

Action                   || total
-------------------------++-------
Melee: Unarmed           ||    42
       Bite              ||     4
       Punch             ||     1
Invok: Lunge             ||     3
       Renounce Religion ||     1
 Stab: Sleeping          ||     3
Armor: Skin              ||     4
Dodge: Dodged            ||    37
